 Dungeon Crawl Stone Soup version 0.26-a0-651-gb41185065b (webtiles) character file.

Game seed: 16094848649674826639

(classic levelgen) 382 EnegeticOcto the Chopper (level 6, 0/57 HPs)
             Began as a Deep Dwarf Fighter on Oct 9, 2020.
             Slain by a two-headed ogre
             ... wielding a +0 giant club
              (13 damage)
             ... on level 4 of the Dungeon.
             The game lasted 00:01:04 (967 turns).

EnegeticOcto the Chopper (Deep Dwarf Fighter)        Turns: 967, Time: 00:01:05

Health: 0/57       AC: 10    Str: 21    XL:     6   Next: 47%
Magic:  1/1        EV:  2    Int:  9    God:
Gold:   73         SH:  7    Dex: 12    Spells: 5/5 levels left

rFire    . . .     SeeInvis .   a - +0 war axe
rCold    . . .     Faith    .   c - +0 kite shield
rNeg     . . .     Spirit   .   h - +0 plate armour
rPois    .         Reflect  .   (no helmet)
rElec    .         Harm     .   (no cloak)
rCorr    .         Rampage  .   (no gloves)
MR       .....                  (no boots)
Stlth    ..........             (no amulet)
HPRegen  0.00/turn              (no ring)
MPRegen  0.07/turn              (no ring)

@: non-regenerating, extremely drained
A: damage resistance, heal wounds, sense surroundings 1, no regeneration
a: Heal Wounds


You were on level 4 of the Dungeon.
You visited 1 branch of the dungeon, and saw 4 of its levels.

You collected 73 gold pieces.

Inventory:

Hand Weapons
 a - a +0 war axe (weapon)
Armour
 b - a +0 scale mail
 c - a +0 kite shield (worn)
 h - a +0 plate armour (worn)
Wands
 o - a wand of disintegration (20)
Scrolls
 f - 2 scrolls of remove curse {unknown}
 i - a scroll of enchant armour {unknown}
 k - 2 scrolls of teleportation {unknown}
 l - a scroll of fog {unknown}
 m - 2 scrolls of blinking {unknown}
 n - 6 scrolls of identify {unknown}
Potions
 d - a potion of might {@q3}
 e - a potion of flight {unknown}
 g - 2 potions of curing {unknown}
 j - a potion of haste {unknown}
 p - a potion of brilliance {unknown}
 q - a potion of invisibility {unknown}


   Skills:
 + Level 3.8(0.0) Fighting
 * Level 5.1(0.0) Axes
 + Level 4.6(0.0) Armour
 + Level 4.6(0.0) Shields


You had 5 spell levels left.
You didn't know any spells.
Your spell library was empty.

Dungeon Overview and Level Annotations

Branches:
Dungeon (4/15)
 Temple: D:4-7

Altars:
Dithmenos
Zin


Innate Abilities, Weirdness & Mutations

You are resistant to damage.
You can heal yourself by infusing magical energy.
You passively map a small area around you.
You do not regenerate.


Message History

You are too injured to fight recklessly!
You are too injured to fight recklessly!
Your magical essence is drained by the effort!
You feel much better.
The two-headed ogre completely misses you.
You block the two-headed ogre's attack.
Your magical essence is drained by the effort!
You feel much better.
The two-headed ogre hits you but does no damage.
The two-headed ogre hits you with a +0 dire flail of draining!
You feel drained.
You slash the two-headed ogre!
The two-headed ogre is heavily wounded.
The two-headed ogre hits you with a +0 giant club.
The two-headed ogre hits you but does no damage.
You feel drained.
You slash the two-headed ogre!
The two-headed ogre is severely wounded.
The two-headed ogre hits you but does no damage. x2
You feel drained.
You closely miss the two-headed ogre.
The two-headed ogre is severely wounded.
You block the two-headed ogre's attack.
The two-headed ogre hits you with a +0 dire flail of draining!
You feel drained.
The two-headed ogre hits you with a +0 giant club!!
* * * LOW HITPOINT WARNING * * *
The two-headed ogre hits you with a +0 dire flail of draining.
* * * LOW HITPOINT WARNING * * *
You feel drained.
You are too injured to fight recklessly!
You are too injured to fight recklessly!
You are too injured to fight recklessly!
You are too injured to fight recklessly!
You are too injured to fight recklessly!
You are too injured to fight recklessly!
You are too injured to fight recklessly!
You are too injured to fight recklessly!
You are too injured to fight recklessly!
You are too injured to fight recklessly!
You are too injured to fight recklessly!
You are too injured to fight recklessly!
You are too injured to fight recklessly!
You are too injured to fight recklessly!
You are too injured to fight recklessly!
You are too injured to fight recklessly!
You feel much better.
The two-headed ogre hits you with a +0 giant club!!
* * * LOW HITPOINT WARNING * * *
The two-headed ogre hits you but does no damage.
You feel drained.
You feel much better.
You hit the two-headed ogre.
The two-headed ogre is severely wounded.
The two-headed ogre hits you with a +0 giant club!
You block the two-headed ogre's attack. x2
The two-headed ogre hits you with a +0 dire flail of draining!
You feel drained.
Your shield and plate armour prevent you from hitting the two-headed ogre.
The two-headed ogre is severely wounded.
The two-headed ogre hits you with a +0 giant club!
The two-headed ogre hits you with a +0 dire flail of draining!
* * * LOW HITPOINT WARNING * * *
You feel drained.
You are too injured to fight recklessly!
You are too injured to fight recklessly!
You are too injured to fight recklessly!
You are too injured to fight recklessly!
You are too injured to fight recklessly!
You are too injured to fight recklessly!
You are too injured to fight recklessly!
You are too injured to fight recklessly!
You are too injured to fight recklessly!
Your magical essence is drained by the effort!
You feel much better.
The two-headed ogre hits you with a +0 giant club!
* * * LOW HITPOINT WARNING * * *
The two-headed ogre hits you with a +0 dire flail of draining.
You feel drained.
Your magical essence is drained by the effort!
You feel much better.
The two-headed ogre hits you but does no damage.
The two-headed ogre hits you with a +0 dire flail of draining!
You feel drained.
You hit the two-headed ogre.
The two-headed ogre is severely wounded.
The two-headed ogre hits you with a +0 giant club!
* * * LOW HITPOINT WARNING * * *
You block the two-headed ogre's attack.
You are too injured to fight recklessly!
You are too injured to fight recklessly!
You are too injured to fight recklessly!
You are too injured to fight recklessly!
You are too injured to fight recklessly!
You are too injured to fight recklessly!
You are too injured to fight recklessly!
You are too injured to fight recklessly!
You fail to use your ability.
The two-headed ogre hits you with a +0 giant club!
You die...

#......##.## *
#......##))#
#......###[#
*#......# #.#
*#......# #.## * *
#......# #..## ,
########*##..###**
* , * ##...# , ,
###@# *** , , *
#.O..# , , ,,
...#.## * #.... ..
, ##### .(. , ....
, , * * *##### , ,
*


You could see a two-headed ogre.

Vanquished Creatures
  A howler monkey (D:4)
  A hound (D:4)
  An iguana (D:3)
  5 orc wizards
  A worker ant (D:4)
  A hound skeleton (D:4)
  4 adders
  An adder skeleton (D:4)
  2 worms
  A dart slug (D:2)
  3 leopard geckos
  11 orcs
  3 giant cockroaches
  5 goblins
  2 hobgoblins
  7 kobolds
  2 quokkas (D:4)
  A ball python (D:3)
  2 bats
  5 frilled lizards
  5 rats (D:2)
64 creatures vanquished.

Vanquished Creatures (others)
  2 plants (D:3)
2 creatures vanquished.

Grand Total: 66 creatures vanquished

Notes
Turn   | Place    | Note
-------+----------+-------------------------------------------
     0 | D:1      | EnegeticOcto the Deep Dwarf Fighter began the quest for the
                  | Orb.
     0 | D:1      | Reached XP level 1. HP: 20/20 MP: 1/1
    86 | D:2      | Reached XP level 2. HP: 27/27 MP: 2/2
   249 | D:2      | Reached XP level 3. HP: 30/34 MP: 3/3
   274 | D:2      | Reached skill level 3 in Axes
   412 | D:3      | Reached XP level 4. HP: 29/42 MP: 4/4
   510 | D:3      | You fall into a shaft and drop 1 floor!
   600 | D:3      | Reached skill level 4 in Axes
   600 | D:3      | Reached XP level 5. HP: 37/49 MP: 5/5
   618 | D:3      | Found a shadowy altar of Dithmenos.
   618 | D:3      | Found a glowing silver altar of Zin.
   870 | D:4      | Reached XP level 6. HP: 57/57 MP: 6/6
   921 | D:4      | Reached skill level 5 in Axes
   940 | D:4      | Noticed a two-headed ogre
   967 | D:4      | Slain by a two-headed ogre

Illustrated notes

Levels and vault maps discovered:
D:1:      dpeg_arrival_court, layout_basic
D:2:      layout_loops_ring, uniq_terence
D:3:      layout_rooms, gammafunk_temple_overflow_elements, serial_rivers,
          chequers_serial_rivers_marsh, chequers_serial_rivers_marsh,
          chequers_serial_rivers_micro_e, chequers_serial_rivers_micro_a,
          chequers_serial_rivers_marsh, chequers_ecumenical_altar_lobes
D:4:      cheibrodos_greedy_goblins, layout_rooms, st_stairs_14,
          lemuel_blue_sif_altar

Skill      XL: |  1  2  3  4  5  6 |
---------------+-------------------+-----
Fighting       | 3 |  3.8
Axes           | 3 4 5 |  5.1
Armour         | 4 |  4.6
Shields        | 4 |  4.6

Action                   |  1- 3 |  4- 6 || total
-------------------------+-------+-------++-------
Melee: War axe           |    81 |   182 ||   263
 Abil: Heal Wounds       |       |    13 ||    13
Armor: Scale mail        |    13 |       ||    13
       Plate armour      |    12 |   160 ||   172
Dodge: Dodged            |    17 |    31 ||    48
Block: Kite shield       |    49 |   152 ||   201

Table legend: (Time is in decaauts)
 A = Elapsed time spent in this place.
 B = Non-inter-level travel time spent in this place.
 C = Inter-level travel time spent in this place.
 D = Time resting spent in this place.
 E = Time spent auto-exploring this place.
 F = Levels seen in this place.
 G = Mean time per level.
                   A        B        C        D        E       F      G
               +--------+--------+--------+--------+--------+-----+--------+
         Total |   1083 |   1051 |     32 |      0 |    467 |   4 |  270.8 |
       Dungeon |   1083 |   1051 |     32 |      0 |    467 |   4 |  270.8 |
               +--------+--------+--------+--------+--------+-----+--------+

Top non-repeatable levels by time:
     D:2: 391 daAuts
     D:4: 326 daAuts
     D:3: 316 daAuts
     D:1: 49 daAuts
